[Event "Titled Tuesday Blitz June 28 Early 2022"]
[White "Kozlov, Oleg"]
[Black "Molina, Roberto Junio Brito"]
[WhiteFideId "4104544"]
[BlackFideId "2109450"]
[WhiteElo "2132"]
[BlackElo "2432"]
[Result "0-1"]
[Round "08"]
[TimeControl "180+1"]
[Date "2022.06.28"]
[WhiteClock "0:00:10"]
[BlackClock "0:00:11"]

1. d4 d5 2. c4 c6 3. Nf3 Nf6 4. g3 dxc4 5. Bg2 b5 6. Ne5 Bb7 7. a4 a6 8. b3 cxb3 9. Qxb3 e6 10. Bb2 Be7 11. O-O O-O 12. Nd2 Nfd7 13. Nd3 Qb6 14. Rfc1 Rc8 15. Ne4 a5 16. Nec5 Nxc5 17. Nxc5 Bxc5 18. dxc5 Qc7 19. axb5 cxb5 20. Qxb5 Bxg2 21. Kxg2 Nc6 22. Bc3 Rcb8 23. Qc4 Qb7 24. f3 Qb3 25. Qe4 Qd5 26. Qg4 e5 27. Be1 Rb2 28. Kf1 h6 29. Bc3 Rb3 30. Be1 Nd4 31. Rxa5 Rxa5 32. Bxa5 f5 33. Qh5 Rb2 34. Bc3 Qc4 35. Bxb2 Qxe2+ 36. Kg1 Qxb2 37. Rd1 Qc2 38. Rf1 Qxc5 39. Qe8+ Kh7 40. Kh1 Qd5 41. Kg2 Ne6 42. Rf2 e4 43. fxe4 Qxe4+ 44. Kg1 Qe1+ 45. Rf1 Qe3+ 46. Kh1 Qe4+ 47. Kg1 Qd4+ 48. Rf2 Ng5 49. Qe1 Nh3+ 50. Kg2 Nxf2 51. Qxf2 Qxf2+ 52. Kxf2 Kg6 53. Kf3 Kf6 54. Kf4 g5+ 55. Kf3 Ke5 56. h4 Kd4 57. hxg5 hxg5 58. Kf2 Ke4 59. Ke2 g4 60. Kf2 Kd3 61. Kf1 Ke3 62. Kg2 Ke2 63. Kh1 Kf3 64. Kh2 Kf2 65. Kh1 Kxg3 0-1


[Site "https://www.chess.com"]

[Event "Titled Tuesday Blitz June 28 Early 2022"]
[White "Kucuksari, Kaan"]
[Black "Dushyant Sharma"]
[WhiteFideId "6380166"]
[BlackFideId "25065130"]
[WhiteElo "2305"]
[BlackElo "2105"]
[Result "0-1"]
[Round "08"]
[TimeControl "180+1"]
[Date "2022.06.28"]
[WhiteClock "0:00:07"]
[BlackClock "0:00:24"]

1. d4 d5 2. c4 e6 3. Nf3 Nf6 4. g3 Be7 5. Bg2 O-O 6. O-O dxc4 7. Qc2 c5 8. dxc5 Nc6 9. Qxc4 e5 10. Bg5 Be6 11. Qc1 e4 12. Nfd2 Nd4 13. Nc3 Bxc5 14. Ndxe4 Be7 15. Rd1 Qb6 16. Nxf6+ Bxf6 17. Bxf6 gxf6 18. Qf4 Rad8 19. Qxf6 Qxb2 20. Ne4 Nxe2+ 21. Kf1 Nd4 22. Kg1 Ne2+ 23. Kh1 Qxf6 24. Nxf6+ Kg7 25. Ne4 Bd5 26. Rd2 Bxe4 27. Rxe2 Bxg2+ 28. Kxg2 Rd7 29. Rb1 Rfd8 30. h4 h6 31. a4 b6 32. Rb4 Rd4 33. Rb5 R8d7 34. a5 R4d5 35. Rxd5 Rxd5 36. axb6 axb6 37. Re7 Kf6 38. Rb7 Rb5 39. g4 h5 40. gxh5 Rb4 41. Kg3 b5 42. h6 Kg6 43. h7 Kxh7 44. Rxf7+ Kg6 45. Rb7 Rb1 46. Rb8 b4 47. Rb5 b3 48. Kg2 Kh6 49. Kf3 Kg6 50. Ke3 Kf6 51. Kd3 b2 52. Ke2 Rh1 53. Rb6+ Kf5 54. Rxb2 Rxh4 55. Rb6 Ra4 56. Kf3 Ra3+ 57. Kg2 Ra4 58. Rc6 Ra5 59. Rb6 Ra4 60. Rh6 Kg5 61. Rd6 Kf5 62. Kg3 Ra3+ 63. f3 Ra5 64. Rh6 Kg5 65. Rc6 Kf5 66. Rb6 Kg5 67. Rb4 Kf5 68. Rg4 Ra1 69. Rf4+ Kg5 70. Rf8 Rg1+ 71. Kf2 Ra1 72. Ke3 Ra3+ 73. Ke4 Ra4+ 74. Ke5 Ra5+ 75. Ke6 Ra6+ 76. Ke5 Ra5+ 77. Ke4 Ra4+ 78. Kd3 Ra3+ 79. Kd4 Ra4+ 80. Ke3 Ra3+ 81. Ke2 Ra2+ 82. Kf1 Ra3 83. Kf2 Ra2+ 84. Kg3 Ra3 85. Rg8+ Kf5 86. Rd8 Ra5 87. Rd4 Kg5 88. Rd1 Kf5 89. Rh1 Kg5 90. f4+ Kg6 91. Kg4 Ra4 92. Re1 Ra5 93. Re4 Ra1 94. Re6+ Kf7 95. Kf5 Ra5+ 96. Re5 Ra6 97. Rd5 Kf8 98. Rd7 Ke8 99. Rg7 Kf8 100. Kg4 Kxg7 101. Kg5 Ra5+ 102. Kh4 Kf6 103. Kg4 Ra4 104. Kh5 Kf5 105. Kh4 Rxf4+ 106. Kh3 Rg4 0-1


[Site "https://www.chess.com"]

[Event "Titled Tuesday Blitz June 28 Early 2022"]
[White "Ladan, Nicholas"]
[Black "Harvey, Marcus R"]
[WhiteFideId "30918855"]
[BlackFideId "400092"]
[WhiteElo "2167"]
[BlackElo "2485"]
[Result "0-1"]
[Round "08"]
[TimeControl "180+1"]
[Date "2022.06.28"]
[WhiteClock "0:00:01"]
[BlackClock "0:00:37"]

1. d4 Nf6 2. c4 e6 3. g3 d5 4. Nf3 dxc4 5. Bg2 c5 6. O-O Nc6 7. dxc5 Qxd1 8. Rxd1 Bxc5 9. Nfd2 c3 10. Nxc3 Bd7 11. Nb3 Be7 12. Bg5 O-O-O 13. Rac1 Kb8 14. Nb5 Nd5 15. Bd2 a6 16. e4 Ndb4 17. Nc3 Nd3 18. Rb1 e5 19. Bf1 Be6 20. Be3 Ndb4 21. Nc5 Bg4 22. Rxd8+ Rxd8 23. a3 Nc2 24. Nd3 Nxe3 25. fxe3 Be6 26. b4 f6 27. a4 Bc4 28. Nc5 Bxf1 29. Kxf1 Nxb4 30. Ne6 Rd3 31. Nd5 Nxd5 32. exd5 Rxd5 33. Nxg7 e4 34. g4 Rd2 35. Nf5 Bc5 36. Rc1 Bb6 37. Rc4 Rxh2 38. Rxe4 Ra2 39. Re6 Bc7 40. Rxf6 Rxa4 41. Kf2 Rxg4 42. Kf3 Rc4 43. e4 a5 44. Ne3 Rc3 45. Ke2 Rc6 46. Rf8+ Ka7 47. Nd5 a4 48. Kd3 Bd6 49. Rf2 a3 50. Ra2 b5 51. Kd4 Rc4+ 52. Kd3 Ka6 53. Nc3 Ka5 54. Nb1 Ra4 0-1


[Site "https://www.chess.com"]

[Event "Titled Tuesday Blitz June 28 Early 2022"]
[White "Le, Quang Liem"]
[Black "Terry, Renato"]
[WhiteFideId "12401137"]
[BlackFideId "3803457"]
[WhiteElo "2991"]
[BlackElo "2957"]
[Result "0-1"]
[Round "08"]
[TimeControl "180+1"]
[Date "2022.06.28"]
[WhiteClock "0:00:07"]
[BlackClock "0:00:29"]

1. Nf3 d5 2. g3 Nf6 3. Bg2 c6 4. O-O Bg4 5. d3 Nbd7 6. Nbd2 e5 7. e4 dxe4 8. dxe4 Be7 9. h3 Bh5 10. Qe1 O-O 11. Nc4 Qc7 12. a4 Rfe8 13. Bd2 b5 14. Ba5 Qb8 15. Ncd2 bxa4 16. Bc3 Qb5 17. Qb1 Bb4 18. Bxb4 Qxb4 19. c3 Qb5 20. Qc2 Nc5 21. Rfb1 Rab8 22. Bf1 Qb7 23. Nh4 Red8 24. Ra3 Qd7 25. Nc4 Qe6 26. Re1 Rd7 27. Nd2 Rbd8 28. Ndf3 h6 29. Kg2 g5 30. Nf5 Bxf3+ 31. Kxf3 Nfxe4 32. g4 Rd2 33. Qb1 Rxf2+ 34. Ke3 Rxf5 35. gxf5 Qxf5 0-1


[Site "https://www.chess.com"]

[Event "Titled Tuesday Blitz June 28 Early 2022"]
[White "Liyanage, Ranindu Dilshan"]
[Black "Shimanov, Aleksandr"]
[WhiteFideId "9915834"]
[BlackFideId "4198603"]
[WhiteElo "1858"]
[BlackElo "2605"]
[Result "0-1"]
[Round "08"]
[TimeControl "180+1"]
[Date "2022.06.28"]
[WhiteClock "0:00:07"]
[BlackClock "0:00:10"]

1. e4 e6 2. d4 d5 3. Nc3 Bb4 4. exd5 exd5 5. Bd3 Nc6 6. Ne2 Nge7 7. O-O Bf5 8. a3 Bxc3 9. bxc3 Qd7 10. Ng3 Bxd3 11. cxd3 O-O 12. Re1 Rfe8 13. Rb1 b6 14. Qf3 Nf5 15. Bf4 Nh4 16. Qh5 Ng6 17. Bd2 Re6 18. Rxe6 fxe6 19. Re1 Qf7 20. Qg4 Re8 21. f4 Nd8 22. f5 exf5 23. Rxe8+ Qxe8 24. Qxf5 Qe6 25. Kf2 Ne7 26. Qxe6+ Nxe6 27. Ne2 Kf7 28. Bf4 b5 29. Ke3 Nf5+ 30. Kf3 a6 31. g4 Nh4+ 32. Kg3 Ng6 33. h4 Ngxf4 34. Nxf4 Nxf4 35. Kxf4 Ke6 36. h5 a5 37. Kf3 a4 38. Kf4 c5 39. Ke3 b4 40. Kd2 bxa3 41. Kc2 cxd4 42. cxd4 Kd6 43. Kb1 Kc6 44. Ka2 Kb5 45. Kxa3 h6 46. Ka2 Kb4 47. Kb2 a3+ 48. Ka2 Ka4 49. Ka1 Kb3 50. Kb1 Kc3 0-1


[Site "https://www.chess.com"]

[Event "Titled Tuesday Blitz June 28 Early 2022"]
[White "Madaminov, Mukhiddin"]
[Black "Plazuelo Pascual, Juan"]
[WhiteFideId "14210703"]
[BlackFideId "32059566"]
[WhiteElo "1916"]
[BlackElo "2359"]
[Result "1-0"]
[Round "08"]
[TimeControl "180+1"]
[Date "2022.06.28"]
[WhiteClock "0:02:20"]
[BlackClock "0:00:06"]

1. d4 Nf6 2. Nc3 e6 3. Bf4 d5 4. Nb5 Na6 5. e3 c6 6. Nc3 Nc7 7. Bd3 c5 8. Nf3 Bd6 9. Ne5 O-O 10. Qf3 g6 11. O-O-O c4 12. Be2 b5 13. h4 b4 14. Nb1 Ne4 15. Bxc4 f6 16. Ng4 e5 17. Qxe4 exf4 18. Bxd5+ Kg7 19. Bxa8 Bxg4 20. Bc6 Bxd1 21. Rxd1 fxe3 22. fxe3 f5 23. Qf3 Qxh4 24. Nd2 Qg3 25. Nc4 Qxf3 26. Bxf3 Bg3 27. c3 bxc3 28. bxc3 Nb5 29. Kd2 Nd6 30. Nxd6 Bxd6 31. c4 Rb8 32. c5 Bc7 33. Kc3 Kf6 34. d5 Be5+ 35. Kc4 Rb2 36. d6 Rc2+ 37. Kd5 Bh2 38. c6 g5 39. c7 g4 40. Be2 h5 41. Bd3 Rc3 42. e4 f4 43. e5+ Kg5 44. e6 f3 45. gxf3 gxf3 46. e7 1-0


[Site "https://www.chess.com"]

[Event "Titled Tuesday Blitz June 28 Early 2022"]
[White "Magallanes, Rey Jomar"]
[Black "Kanyamarala, Tarun"]
[WhiteFideId "5205948"]
[BlackFideId "45004714"]
[WhiteElo "2172"]
[BlackElo "2219"]
[Result "0-1"]
[Round "08"]
[TimeControl "180+1"]
[Date "2022.06.28"]
[WhiteClock "0:00:05"]
[BlackClock "0:01:15"]

1. e4 e6 2. Nf3 d5 3. exd5 exd5 4. d4 Bd6 5. Nc3 c6 6. Be3 Ne7 7. Bd3 Bf5 8. Bxf5 Nxf5 9. O-O O-O 10. Qd3 Nxe3 11. fxe3 Bb4 12. e4 Bxc3 13. bxc3 dxe4 14. Qxe4 Nd7 15. Rae1 Qa5 16. Ne5 Nxe5 17. dxe5 Qxc3 18. e6 Qc5+ 19. Kh1 fxe6 20. Qxe6+ Kh8 21. Rf7 Rxf7 22. Qxf7 h6 23. Re8+ Rxe8 24. Qxe8+ Kh7 25. Qe4+ Kg8 26. Qe8+ Qf8 27. Qe6+ Qf7 28. Qc8+ Kh7 29. h3 Qe7 30. Qf5+ g6 31. Qf3 c5 32. c4 b6 33. Qd5 Kg7 34. a4 Kf6 35. Qf3+ Kg7 36. Qc3+ Qf6 37. Qd3 Qe6 38. Qc3+ Kf7 39. Qf3+ Ke7 40. Qb7+ Qd7 41. Qe4+ Kd8 42. Qxg6 Qxa4 43. Qf6+ Kc7 44. Qe5+ Kb7 45. Qd5+ Ka6 46. Kh2 Qe8 47. Qd3 Qe5+ 48. Kh1 Qa1+ 49. Kh2 Qd4 50. Qa3+ Kb7 51. Qf3+ Kc7 52. Qf7+ Qd7 53. Qf3 a6 54. Kh1 Kb8 55. Qf4+ Ka7 56. Qe3 Qd1+ 57. Kh2 Qd6+ 58. Kh1 b5 59. cxb5 axb5 60. Qa3+ Kb6 61. Qe3 b4 62. Qe8 c4 63. Qe3+ Kb5 64. Qa7 b3 65. Qb7+ Ka4 66. Qa7+ Kb4 67. Qb7+ Kc3 68. Qf3+ Kb2 69. Qf2+ Kc3 70. Qf3+ Qd3 71. Qf6+ Kc2 72. Qf2+ Kb1 73. Qe1+ Ka2 74. Qa5+ Kb2 75. Qe1 c3 76. Qf2+ Qd2 77. Qa7 c2 78. Qg7+ Qc3 79. Qxh6 c1=Q+ 80. Qxc1+ Qxc1+ 81. Kh2 Qf4+ 82. g3 Qf2+ 83. Kh1 Kc3 84. h4 b2 85. h5 b1=Q# 0-1


[Site "https://www.chess.com"]

[Event "Titled Tuesday Blitz June 28 Early 2022"]
[White "Maiorov, Nikita"]
[Black "Bharath Subramaniyam H"]
[WhiteFideId "13501720"]
[BlackFideId "46634827"]
[WhiteElo "2417"]
[BlackElo "2242"]
[Result "0-1"]
[Round "08"]
[TimeControl "180+1"]
[Date "2022.06.28"]
[WhiteClock "0:01:13"]
[BlackClock "0:01:47"]

1. d4 d5 2. c4 e6 3. Nc3 c5 4. cxd5 exd5 5. Nf3 Nc6 6. g3 Nf6 7. Bg2 cxd4 8. Nxd4 Bc5 9. Nb3 Bb6 10. Na4 Bc7 11. Be3 O-O 12. O-O Re8 13. Nc3 Be6 14. Nb5 Ng4 15. Bc5 Be5 16. N3d4 Bd7 17. Nxc6 bxc6 18. Nd4 h5 0-1


[Site "https://www.chess.com"]

[Event "Titled Tuesday Blitz June 28 Early 2022"]
[White "Malyi, Viacheslav"]
[Black "Vidruska, Renate"]
[WhiteFideId "14123983"]
[BlackFideId "11601841"]
[WhiteElo "2270"]
[BlackElo "1873"]
[Result "1/2-1/2"]
[Round "08"]
[TimeControl "180+1"]
[Date "2022.06.28"]
[WhiteClock "0:00:11"]
[BlackClock "0:00:07"]

1. e4 e5 2. Nf3 Nf6 3. Nxe5 d6 4. Nf3 Nxe4 5. d3 Nf6 6. d4 d5 7. Bd3 Bd6 8. O-O O-O 9. c3 c5 10. dxc5 Bxc5 11. Bg5 Nbd7 12. Nbd2 h6 13. Bh4 Qc7 14. Nb3 Bd6 15. Nbd4 a6 16. Nf5 Bf4 17. Bg3 Nc5 18. Bc2 Nce4 19. N5d4 Bg4 20. Bb3 Nxg3 21. hxg3 Bd6 22. Qd3 b5 23. Bc2 g6 24. Rfe1 Kg7 25. Bb3 Rad8 26. Bc2 Rc8 27. Nh4 Rfd8 28. Nxg6 b4 29. Nh4 bxc3 30. Nhf5+ Kf8 31. bxc3 Qxc3 32. Nxd6 Qxd3 33. Bxd3 Rxd6 34. f3 Bd7 35. Rec1 Rb6 36. Rxc8+ Bxc8 37. Rc1 Bd7 38. Kf2 Ke8 39. Ke3 Rb2 40. Rc2 Rb6 41. g4 Ng8 42. Rc7 Ne7 43. Ra7 Bc8 44. Rc7 Kd8 45. Rc1 Bd7 46. Rb1 Rxb1 47. Bxb1 a5 48. Bd3 Nc8 49. Bf5 Nd6 50. Bxd7 Kxd7 51. Nf5 Nc4+ 52. Kd4 Ke6 53. Nxh6 Na3 54. g5 Nc2+ 55. Kc3 Ne3 56. g3 Nf1 57. g4 Nh2 58. f4 Nf3 59. Kd3 Ke7 60. a4 Ke6 61. Ke3 Ne1 62. Kd4 Nc2+ 63. Kc5 Nb4 64. f5+ Ke7 65. Kd4 Kd6 66. Nxf7+ Ke7 67. Ne5 Kd6 68. Nd3 Nc6+ 69. Ke3 Ne7 70. g6 Ng8 71. Kf4 d4 72. g5 Kd5 73. f6 Ke6 74. f7 Ne7 75. Ke4 Nxg6 76. Kxd4 Kxf7 77. Kc5 Ne7 78. Kb5 Nd5 79. Ne5+ Ke6 80. g6 Kxe5 81. g7 Ne7 82. Kxa5 Kf6 83. Kb6 Kxg7 84. a5 Nd5+ 85. Kc5 Nc7 86. Kc6 Na6 87. Kb6 Nb4 88. Kb5 Nd5 89. Kc6 Nb4+ 90. Kc5 Na6+ 91. Kb6 Nb4 92. Kb5 Nd5 93. Kc5 Nc7 94. Kd6 Na6 95. Kc6 Nb4+ 96. Kb5 1/2-1/2


[Site "https://www.chess.com"]

[Event "Titled Tuesday Blitz June 28 Early 2022"]
[White "Manukian, Artak"]
[Black "Cruz, Cristhian"]
[WhiteFideId "13301373"]
[BlackFideId "3801969"]
[WhiteElo "2473"]
[BlackElo "2497"]
[Result "0-1"]
[Round "08"]
[TimeControl "180+1"]
[Date "2022.06.28"]
[WhiteClock "0:00:08"]
[BlackClock "0:00:12"]

1. e4 e6 2. d4 d5 3. e5 c5 4. c3 Qb6 5. Nf3 Bd7 6. a3 Bb5 7. c4 Bxc4 8. Bxc4 dxc4 9. Nc3 Ne7 10. O-O Nbc6 11. Na4 Qc7 12. Nxc5 Nf5 13. Be3 Bxc5 14. dxc5 O-O 15. Qe2 Nxe5 16. Qxc4 Nxf3+ 17. gxf3 Rac8 18. b4 b6 19. Rac1 Rfd8 20. a4 bxc5 21. Qxc5 Qb7 22. Qxa7 Qxf3 23. Rxc8 Rxc8 24. Qd7 Rf8 25. Qd1 Qe4 26. b5 Nh4 27. f3 Qxe3+ 28. Kh1 h6 29. a5 Qg5 30. Qe2 Rd8 31. Rg1 Qc5 32. a6 Nf5 33. Rb1 Qb6 34. Ra1 Nd4 35. Qe3 e5 36. a7 Ra8 37. Qxe5 Rxa7 38. Ra6 Rxa6 39. bxa6 Qxa6 40. Qxd4 Qf1+ 41. Qg1 Qxf3+ 42. Qg2 Qxg2+ 43. Kxg2 f5 0-1


[Site "https://www.chess.com"]

[Event "Titled Tuesday Blitz June 28 Early 2022"]
[White "Matveeva, Olga"]
[Black "Garcia Cuenca, Victor"]
[WhiteFideId "24107018"]
[BlackFideId "2250829"]
[WhiteElo "2052"]
[BlackElo "2317"]
[Result "0-1"]
[Round "08"]
[TimeControl "180+1"]
[Date "2022.06.28"]
[WhiteClock "0:00:01"]
[BlackClock "0:00:10"]

1. d4 Nf6 2. c4 g6 3. g3 Bg7 4. Bg2 O-O 5. Nf3 d5 6. cxd5 Nxd5 7. Nc3 Nxc3 8. bxc3 c5 9. O-O Nc6 10. e3 Bf5 11. Re1 Be4 12. a4 Qc7 13. Ba3 b6 14. Rc1 Rfd8 15. Qe2 e5 16. dxc5 Bd3 17. Qa2 Na5 18. cxb6 axb6 19. Nd2 Rac8 20. Bd5 Nb7 21. e4 Nc5 22. Bb4 Ba6 23. Bxc5 Qxc5 24. c4 Kh8 25. Nf1 f5 26. Ne3 f4 27. Nd1 Rf8 28. g4 f3 29. Ne3 Bh6 30. Qb2 Qe7 31. Kh1 Qh4 32. Qxe5+ Bg7 33. Qg3 Qe7 34. Qh3 Be5 35. Rg1 Rc7 36. g5 Bc8 37. Ng4 Rf4 38. Rg3 Bd7 39. Rcg1 Qa3 40. Qh6 Bg7 41. Qh4 Rc8 42. Rh3 h5 43. Qxh5+ gxh5 44. Rxh5+ Bh6 45. Rxh6+ Kg7 46. Nf6 Rh8 47. Rxh8 Kxh8 48. Nh5 Rh4 49. Nf6 Qb2 0-1


[Site "https://www.chess.com"]

[Event "Titled Tuesday Blitz June 28 Early 2022"]
[White "Melikhov, Evgeny V."]
[Black "Bringas Gomez, Artai"]
[WhiteFideId "4122046"]
[BlackFideId "24534064"]
[WhiteElo "1904"]
[BlackElo "1988"]
[Result "1-0"]
[Round "08"]
[TimeControl "180+1"]
[Date "2022.06.28"]
[WhiteClock "0:00:17"]
[BlackClock "0:00:12"]

1. d4 d5 2. c4 c6 3. Nc3 e6 4. e3 Nf6 5. Nf3 Bb4 6. Bd2 O-O 7. Bd3 Nbd7 8. O-O b6 9. a3 Bxc3 10. Bxc3 Bb7 11. Qe2 Re8 12. e4 dxe4 13. Bxe4 Nxe4 14. Qxe4 Qc7 15. c5 Nf6 16. Qh4 Ba6 17. Rfe1 Bd3 18. Rad1 Bc2 19. Rd2 Bg6 20. Ne5 b5 21. b3 a5 22. Bb2 Red8 23. Rde2 Rd5 24. Re3 Bc2 25. Rg3 b4 26. Qxf6 Bg6 27. Qh4 bxa3 28. Bxa3 Bc2 29. Qg5 f6 30. Qxf6 Rf8 31. Qxe6+ Kh8 32. Nf7+ Kg8 33. Ne5+ Kh8 34. Rf3 Rdd8 35. Nf7+ Rxf7 36. Qxf7 Qb8 37. Re7 Rg8 38. d5 Bg6 39. Qf4 Qd8 40. d6 a4 41. Bb2 a3 42. Ba1 a2 43. Rxg7 Re8 44. Rxg6+ Re5 45. Qxe5+ Qf6 46. Qxf6# 1-0


[Site "https://www.chess.com"]

[Event "Titled Tuesday Blitz June 28 Early 2022"]
[White "Mickiewicz, Piotr"]
[Black "Vainio, Ville"]
[WhiteFideId "1114891"]
[BlackFideId "507270"]
[WhiteElo "2209"]
[BlackElo "2249"]
[Result "1-0"]
[Round "08"]
[TimeControl "180+1"]
[Date "2022.06.28"]
[WhiteClock "0:01:22"]
[BlackClock "0:00:01"]

1. Nf3 d6 2. c4 e5 3. Nc3 f5 4. d4 e4 5. Ng1 c6 6. h4 d5 7. cxd5 cxd5 8. g3 Nf6 9. Nh3 Be6 10. Bg5 Be7 11. e3 O-O 12. Nf4 Bf7 13. Be2 Qd7 14. Qb3 Rd8 15. Bxf6 Bxf6 16. Ncxd5 Bxd5 17. Nxd5 Kh8 18. Nxf6 gxf6 19. Rc1 Nc6 20. Bb5 f4 21. Bxc6 bxc6 22. exf4 Qxd4 23. O-O Rab8 24. Qf7 e3 25. b3 e2 26. Rfe1 Qb2 27. Kg2 1-0


[Site "https://www.chess.com"]

[Event "Titled Tuesday Blitz June 28 Early 2022"]
[White "Mitrovic, Darko R"]
[Black "Khamdamova, Afruza"]
[WhiteFideId "927023"]
[BlackFideId "14210444"]
[WhiteElo "2150"]
[BlackElo "1660"]
[Result "0-1"]
[Round "08"]
[TimeControl "180+1"]
[Date "2022.06.28"]
[WhiteClock "0:00:01"]
[BlackClock "0:00:59"]

1. d4 Nf6 2. c4 e6 3. Nf3 d5 4. g3 dxc4 5. Qa4+ Nbd7 6. Qxc4 a6 7. Bg2 b5 8. Qc2 Bb7 9. O-O c5 10. Bg5 Rc8 11. dxc5 Bxc5 12. Qd1 O-O 13. Nbd2 h6 14. Bxf6 Nxf6 15. Nb3 Bb6 16. Ne5 Bxg2 17. Kxg2 Qc7 18. Nd3 Rfd8 19. Rc1 Qb7+ 20. Kg1 Ne4 21. Rxc8 Rxc8 22. Qb1 Ng5 23. h4 Ne4 24. e3 Rd8 25. Nf4 e5 26. Ne2 f5 27. Rd1 Rc8 28. Nc3 Nxc3 29. bxc3 f4 30. gxf4 exf4 31. Qd3 fxe3 32. fxe3 Rd8 33. Qxd8+ Bxd8 34. Rxd8+ Kh7 35. Kf2 Qf7+ 36. Ke2 Qh5+ 37. Kd2 Qxh4 38. Rd4 Qf2+ 39. Kd3 Qxa2 40. Nc5 Qb1+ 41. Kd2 a5 0-1


[Site "https://www.chess.com"]

[Event "Titled Tuesday Blitz June 28 Early 2022"]
[White "Mogirzan, Matei-Valeriu"]
[Black "Terrieux, Kevin"]
[WhiteFideId "1257455"]
[BlackFideId "622591"]
[WhiteElo "1733"]
[BlackElo "2482"]
[Result "0-1"]
[Round "08"]
[TimeControl "180+1"]
[Date "2022.06.28"]
[WhiteClock "0:00:01"]
[BlackClock "0:00:19"]

1. e4 c5 2. Nf3 e6 3. d4 cxd4 4. Nxd4 Nf6 5. Nc3 Nc6 6. Be2 Bb4 7. Nxc6 bxc6 8. Qd3 d5 9. O-O O-O 10. Bg5 Be7 11. Rad1 Bb7 12. Kh1 Nd7 13. Bxe7 Qxe7 14. f4 a5 15. Qg3 Rab8 16. f5 exf5 17. Rxf5 Nf6 18. exd5 cxd5 19. Bd3 Ne4 20. Nxe4 dxe4 21. Re1 Qb4 22. Rf4 Qxb2 23. Bxe4 Bxe4 24. Rfxe4 g6 25. h4 Qxc2 26. h5 Rb1 27. hxg6 Qxe4 28. gxf7+ Kxf7 29. Qf2+ Ke8 30. Rxb1 Qxb1+ 31. Qg1 Rf1 32. Kh2 0-1


[Site "https://www.chess.com"]

[Event "Titled Tuesday Blitz June 28 Early 2022"]
[White "Mosutha, Thuso"]
[Black "Wartiovaara, Oliver"]
[WhiteFideId "11302550"]
[BlackFideId "513024"]
[WhiteElo "2028"]
[BlackElo "1971"]
[Result "1-0"]
[Round "08"]
[TimeControl "180+1"]
[Date "2022.06.28"]
[WhiteClock "0:01:03"]
[BlackClock "0:00:02"]

1. d4 Nf6 2. Nf3 e6 3. Bf4 d5 4. e3 c5 5. c3 Nc6 6. Bd3 Bd6 7. Bg3 O-O 8. Nbd2 b6 9. Qe2 Bb7 10. O-O-O Rc8 11. Kb1 c4 12. Bc2 b5 13. e4 Be7 14. exd5 exd5 15. Ne5 b4 16. Rhe1 bxc3 17. Nxc6 Rxc6 18. Qxe7 Qb6 19. Qa3 cxd2 20. Rxd2 c3 21. Rde2 cxb2 22. Bh4 Ne4 23. Bxe4 Rc1+ 24. Rxc1 bxc1=Q+ 25. Kxc1 dxe4 26. Qb3 Rc8+ 27. Rc2 Qxb3 28. axb3 Rxc2+ 29. Kxc2 Kf8 30. Kc3 Bd5 31. Kb4 Ke8 32. Ka4 Kd7 33. b4 f6 34. Kb5 g5 35. Bg3 1-0


[Site "https://www.chess.com"]

[Event "Titled Tuesday Blitz June 28 Early 2022"]
[White "Mrudul Dehankar"]
[Black "Weishaeutel, Moritz"]
[WhiteFideId "25096990"]
[BlackFideId "12967300"]
[WhiteElo "1766"]
[BlackElo "2002"]
[Result "0-1"]
[Round "08"]
[TimeControl "180+1"]
[Date "2022.06.28"]
[WhiteClock "0:00:01"]
[BlackClock "0:01:41"]

1. e4 e5 2. Nf3 Nf6 3. Nxe5 Nc6 4. Nxc6 dxc6 5. Nc3 Bc5 6. d3 Ng4 7. Be3 Nxe3 8. fxe3 Bxe3 9. Qf3 Qg5 10. h4 Qh6 11. g4 Be6 12. g5 Bxg5 13. hxg5 Qxg5 14. Bh3 O-O-O 15. Ne2 Rhf8 16. Qg3 Qa5+ 17. c3 f5 18. Rf1 g6 19. exf5 gxf5 20. Nf4 Bd7 21. Kd2 Rg8 22. Qf2 Kb8 23. Kc2 c5 24. Rg1 Rge8 25. Rge1 Rg8 26. Bg2 Bb5 27. Bd5 Rg4 28. Ne6 Rxd5 29. Nxc5 Rxc5 30. Qxc5 Ba4+ 31. Kc1 Qxc5 0-1


[Site "https://www.chess.com"]

[Event "Titled Tuesday Blitz June 28 Early 2022"]
[White "Nakamura, Hikaru"]
[Black "Vachier-Lagrave, Maxime"]
[WhiteFideId "2016192"]
[BlackFideId "623539"]
[WhiteElo "3155"]
[BlackElo "3021"]
[Result "1-0"]
[Round "08"]
[TimeControl "180+1"]
[Date "2022.06.28"]
[WhiteClock "0:00:10"]
[BlackClock "0:00:05"]

1. Nf3 Nf6 2. b3 g6 3. d4 Bg7 4. Bb2 b6 5. e3 Bb7 6. Be2 O-O 7. O-O e6 8. c4 d5 9. Nc3 Nbd7 10. cxd5 Nxd5 11. Qc2 c5 12. Nxd5 Bxd5 13. Rad1 Rc8 14. e4 cxd4 15. Qb1 Bb7 16. Nxd4 a6 17. Qa1 e5 18. Nf3 Qe7 19. Nd2 Nc5 20. f3 b5 21. Ba3 Qg5 22. Kh1 Rfd8 23. Nb1 Ne6 24. Rxd8+ Rxd8 25. Bc1 Qh4 26. Be3 Nf4 27. Qb2 Qg5 28. Bd1 Qe7 29. Nc3 b4 30. Na4 Bc6 31. Nb6 Bb5 32. Rg1 Qd6 33. Qc2 h5 34. Nc4 Qe6 35. g3 Nh3 36. Rf1 g5 37. Be2 g4 38. Kg2 Qg6 39. fxg4 hxg4 40. Rf5 Rc8 41. Qd3 Bc6 42. Kf1 Bb5 43. Qd5 Bc6 44. Nxe5 Bxd5 45. Nxg6 Bxe4 46. Ne7+ Kf8 47. Rxf7+ Kxf7 48. Nxc8 Bf3 49. Bxa6 Ke6 50. Nb6 Bc3 51. Bd3 Kf6 52. Bc4 Ke5 53. Bd3 Kf6 54. Na4 Be5 55. Nc5 Ng5 56. Nd7+ 1-0


[Site "https://www.chess.com"]

[Event "Titled Tuesday Blitz June 28 Early 2022"]
[White "Narayanan.S.L"]
[Black "Dubov, Daniil"]
[WhiteFideId "5058422"]
[BlackFideId "24126055"]
[WhiteElo "2970"]
[BlackElo "3063"]
[Result "0-1"]
[Round "08"]
[TimeControl "180+1"]
[Date "2022.06.28"]
[WhiteClock "0:00:34"]
[BlackClock "0:00:32"]

1. d4 d5 2. c4 e6 3. Nf3 Nf6 4. g3 Be7 5. Bg2 O-O 6. O-O dxc4 7. Qc2 a6 8. a4 Nc6 9. Qxc4 Qd5 10. Nbd2 Rd8 11. e3 Qh5 12. h3 g5 13. g4 Qg6 14. b3 h5 15. gxh5 Qxh5 16. Bb2 Bd7 17. Rfc1 Rac8 18. Nf1 Nd5 19. Ng3 Qg6 20. Qc2 Qxc2 21. Rxc2 Ndb4 22. Rc3 Nd5 23. Rc2 f5 24. e4 Nf4 25. Bf1 Bf6 26. Re1 Nb4 27. Rd2 Kg7 28. exf5 exf5 29. Ne5 Be6 30. Bc4 Nbd5 31. Bf1 Rh8 32. Nc4 Rce8 33. f3 Nxh3+ 34. Bxh3 Rxh3 35. Nxf5+ Kg6 36. Nfe3 Reh8 37. Ng2 Rh1+ 38. Kf2 Rxe1 39. Kxe1 Rh1+ 40. Kf2 Rb1 41. Ne5+ Bxe5 42. dxe5 Nb4 43. f4 Rxb2 44. Rxb2 Nd3+ 45. Ke3 Nxb2 46. fxg5 Kxg5 47. Kd4 Bxb3 48. Kc3 Bxa4 49. Kxb2 Kf5 50. Ne3+ Kxe5 0-1


[Site "https://www.chess.com"]

[Event "Titled Tuesday Blitz June 28 Early 2022"]
[White "Navarrete Mendez, Gonzalo Alberto"]
[Black "Djabri,Massinas"]
[WhiteFideId "5106850"]
[BlackFideId "7905726"]
[WhiteElo "2261"]
[BlackElo "1941"]
[Result "1-0"]
[Round "08"]
[TimeControl "180+1"]
[Date "2022.06.28"]
[WhiteClock "0:01:35"]
[BlackClock "0:00:24"]

1. e4 e5 2. Nf3 Nc6 3. Nc3 Nf6 4. Bb5 Bc5 5. O-O d6 6. d4 exd4 7. Nxd4 Bd7 8. Nf5 Bxf5 9. exf5 O-O 10. Bg5 h6 11. Bh4 Bd4 12. Nd5 g5 13. fxg6 fxg6 14. Qd3 Kg7 15. Bxc6 bxc6 16. Nf4 g5 17. Ne6+ Kh8 18. Nxd8 1-0


[Site "https://www.chess.com"]

[Event "Titled Tuesday Blitz June 28 Early 2022"]
[White "Nenezic, Marko"]
[Black "Jobava, Baadur"]
[WhiteFideId "912123"]
[BlackFideId "13601520"]
[WhiteElo "2432"]
[BlackElo "2617"]
[Result "1-0"]
[Round "08"]
[TimeControl "180+1"]
[Date "2022.06.28"]
[WhiteClock "0:00:45"]
[BlackClock "0:01:45"]

1. d4 Nf6 2. c4 c5 3. d5 e6 4. Nc3 exd5 5. cxd5 d6 6. e4 g6 7. f4 Bh6 8. Bb5+ Bd7 9. Bd3 O-O 10. Nf3 Bg4 11. O-O Nbd7 12. h3 Bxf3 13. Qxf3 Re8 14. g4 Bg7 15. g5 Nh5 16. Bd2 c4 17. Bxc4 Qb6+ 18. Be3 Qxb2 19. Nb5 Qb4 20. Rac1 Rac8 21. a3 Qa4 22. Nxd6 Nb6 23. Bb5 Qxa3 24. Nxe8 Rxc1 25. Rxc1 Bd4 26. Re1 Qb4 27. Bxd4 Qxe1+ 28. Bf1 Nc4 29. Qc3 Qxe4 30. Nf6+ Nxf6 31. Bxf6 Nd6 32. Qe5 Qb4 33. Be7 Qb6+ 34. Kh2 Ne8 35. d6 Qc6 36. Bg2 Qd7 37. Qd5 b5 38. Qc6 1-0


[Site "https://www.chess.com"]